AoeStats
← t0lu

Arabia

508084518Analyzed
1v1 RM · 12d ago on Sep 20, 2026· 30m 17s· 2 players
Game mode
Random Map
Map size
Tiny (2 player)
Population
200
Speed
Normal
Resources
Standard
Victory
Conquest
Starting age
Dark Age
Ending age
Imperial Age
RankedLock teamsTeams togetherTeam positionsShared explorationLock speedFull tech treeHidden civsTurbo modeCheats
Victory
Defeat
🇦🇷 Magyars · Argentina
952
+16
🇦🇷 Celts · Argentina
945
-16
t0lu
5:48 Loom
11:39 Feudal Age
11:56 Man-at-Arms
12:17 Horse Collar
17:21 Double-Bit Axe
17:40 Scale Mail Armor
19:10 Wheelbarrow
23:21 Castle Age
22:48 Forging
23:32 Pikeman
24:29 Gambesons
25:32 Chain Mail Armor
30:37 Iron Casting
nachojc
6:40 Loom
9:03 Feudal Age
9:35 Double-Bit Axe
20:47 Castle Age
20:05 Bloodlines
22:39 Husbandry
24:38 Scale Barding Armor
25:28 Bow Saw
29:19 Town Watch
29:34 Fletching
31:10 Wheelbarrow
30:09 Elite Skirmisher
Connection lost

Rejoining the realm…

Still unreachable

The connection could not be restored.

Session expired

The server has moved on; the page needs a fresh start.